 Dungeon Crawl Stone Soup version 0.24.1-8-ga250c9d538 (webtiles) character file.

Game seed: 4174250148729747103, levelgen mode: deterministic

118 Peloso the Covered (level 4, -3/35 HPs)
             Began as a Demonspawn Fighter on May 1, 2020.
             Slain by Purgy (4 damage)
             ... in a sewer.
             The game lasted 00:05:18 (2208 turns).

Peloso the Covered (Demonspawn Fighter)             Turns: 2208, Time: 00:05:19

Health: -3/35      AC: 10    Str: 18    XL:     4   Next: 72%
Magic:  4/4        EV:  4    Int:  9    God:
Gold:   135        SH:  9    Dex: 12    Spells: 3/3 levels left

rFire    . . .     SeeInvis .   a - +0 long sword
rCold    . . .     Gourm    .   c - +0 shield
rNeg     . . .     Faith    .   h - +0 chain mail
rPois    .         Spirit   .   (no helmet)
rElec    .         Reflect  .   q - +0 cloak (curse)
rCorr    .         Harm     .   (no gloves)
MR       .....                  (no boots)
Stlth    ..........             (no amulet)
HPRegen  0.11/turn              e - ring of flight
MPRegen  0.09/turn              (no ring)

@: no status effects
A: nightstalker 1
a: Evoke Flight


You were in a sewer.
You were very hungry.

You visited 1 branch of the dungeon, and saw 3 of its levels.
You also visited: Sewer.

You collected 135 gold pieces.

Inventory:

Hand Weapons
 a - a +0 long sword (weapon)
Armour
 b - a +0 scale mail
 c - a +0 shield (worn)
 h - a +0 chain mail (worn)
 q - a cursed +0 cloak (worn)
Jewellery
 e - a ring of flight (left hand)
Scrolls
 g - 3 scrolls of fear {unknown}
 i - a scroll of immolation {unknown}
 k - 2 scrolls of magic mapping {unknown}
 l - 3 scrolls of remove curse {unknown}
 n - 2 scrolls of identify {unknown}
 p - a scroll of teleportation {unknown}
Potions
 j - a potion of degeneration {unknown}
 m - a potion of cancellation {unknown}
 o - a potion of mutation {unknown}
Comestibles
 f - 4 rations


   Skills:
 + Level 3.4 Fighting
 + Level 3.0 Long Blades
 + Level 3.5 Armour
 + Level 0.1 Dodging
 + Level 3.3 Shields


You had 3 spell levels left.
You didn't know any spells.
Your spell library was empty.

Dungeon Overview and Level Annotations

Branches:
Dungeon (3/15)              Sewer (1/1)

Altars:
Gozag
Kikubaaqudgha
Qazlal

Annotations:
Sewer Purgy


Innate Abilities, Weirdness & Mutations

You are slightly more attuned to the shadows.


Message History

You block Purgy's attack.
You hit Purgy.
Purgy is moderately wounded.
Purgy bites you but does no damage. Purgy claws you.
* * * LOW HITPOINT WARNING * * *
You block Purgy's attack. Purgy bites you but does no damage.
Purgy claws you but does no damage. x2
You closely miss Purgy.
Purgy is lightly wounded.
Purgy bites you.
* * * LOW HITPOINT WARNING * * *
Purgy barely misses you. Purgy claws you but does no damage.
Your shield and chain mail prevent you from hitting Purgy.
Purgy is lightly wounded.
Purgy bites you but does no damage. Purgy claws you but does no damage.
Purgy barely misses you.
Your chain mail prevents you from hitting Purgy.
Purgy is lightly wounded.
Purgy bites you.
You die...

######## ###.≈..≈.###
###.≈≈.≈≈.≈..### #
###...≈.####.≈..≈##≈(#
#...≈.### ###≈.@T.#
..≈.≈## ##......#
#...≈≈# #≈.≈..###
###.≈≈≈. ....≈##.?
###.≈≈. ....### !?#
##.≈ ...## ## ## ###


You could see Purgy.

Vanquished Creatures
  4 adders
  An ooze (D:3)
  A worm (D:3)
  3 dart slugs
  2 leopard geckos
  8 giant cockroaches
  4 goblins
  9 hobgoblins
  2 jackals (Sewer)
  13 kobolds
  9 bats
  3 frilled lizards
  8 rats
67 creatures vanquished.

Notes
Turn   | Place    | Note
-------+----------+-------------------------------------------
     0 | D:1      | Peloso the Demonspawn Fighter began the quest for the Orb.
     0 | D:1      | Reached XP level 1. HP: 18/18 MP: 1/1
    62 | D:1      | Gained mutation: You are slightly more attuned to the
                  | shadows. [demonic ancestry]
    62 | D:1      | Reached XP level 2. HP: 17/24 MP: 2/2
   838 | D:2      | Found an ancient bone altar of Kikubaaqudgha.
  1043 | D:2      | Reached XP level 3. HP: 26/29 MP: 3/3
  1447 | D:2      | Found an opulent altar of Gozag.
  1750 | D:3      | Reached XP level 4. HP: 33/35 MP: 4/4
  1977 | D:3      | Found a stormy altar of Qazlal.
  2085 | D:3      | Found a glowing drain.
  2136 | Sewer    | Entered a sewer
  2194 | Sewer    | Noticed Purgy
  2206 | Sewer    | HP: 1/35 [Purgy (6)]
  2208 | Sewer    | Slain by Purgy

Levels and vault maps discovered:
D:1:      minmay_arrival_diagonal_passages, layout_loops_ring,
          lemuel_old_faithful
D:2:      wad_lake_hut, layout_basic, overflow_temple_1_default, first_ration,
          grunt_gozag_statues
D:3:      layout_loops_cross, overflow_temple_1_default, gup_sewer_entry_glass
Sewer:    sewer_the_crocodile

Skill      XL: |  1  2  3  4 |
---------------+-------------+-----
Armour         | 3 |  3.5
Shields        | 3 |  3.3
Long Blades    | 2 3 |  3.0
Fighting       | |  3.4
Dodging        | |  0.1

Action                   |  1- 3 |  4- 6 || total
-------------------------+-------+-------++-------
Melee: Long sword        |   188 |   107 ||   295
  Use: Potion            |     1 |     1 ||     2
  Eat: Chunk             |     3 |     1 ||     4
Armor: Scale mail        |    32 |       ||    32
       Chain mail        |   138 |   104 ||   242
Dodge: Dodged            |    37 |    40 ||    77
Block: Shield            |   110 |    88 ||   198
       Rpst.: Long sword |    11 |    14 ||    25
